 Dungeon Crawl Stone Soup version 0.20.1-1-g8b1a95d (webtiles) character file.

112 papiloppo the Skirmisher (level 4, -4/41 HPs)
             Began as a Minotaur Berserker on Nov 8, 2017.
             Was a Believer of Trog.
             Killed from afar by an orc wizard (7 damage)
             ... with a magic dart
             ... on level 3 of the Dungeon.
             The game lasted 00:06:17 (1979 turns).

papiloppo the Skirmisher (Minotaur Berserker)       Turns: 1979, Time: 00:06:17

Health: -4/41      AC:  5    Str: 23    XL:     4   Next: 64%
Magic:  3/3        EV: 12    Int:  4    God:    Trog [**....]
Gold:   116        SH:  0    Dex:  9    Spells: 3/3 levels left

rFire    . . .     SeeInvis .   a - +0 hand axe
rCold    . . .     Gourm    .   (no shield)
rNeg     . . .     Faith    .   b - +0 animal skin
rPois    .         Spirit   .   (helmet restricted)
rElec    .         Reflect  .   (no cloak)
rCorr    .         Harm     .   (no gloves)
MR       .....                  (no boots)
Stlth    +.........             d - amulet of inaccuracy
Regen    0.2/turn               n - +3 ring of protection
MPRegen  0.1/turn               (no ring)

@: drained
A: retaliatory headbutt, horns 2
a: Berserk, Trog's Hand, Burn Spellbooks, Renounce Religion


You were on level 3 of the Dungeon.
You worshipped Trog.
Trog was pleased with you.
You were not hungry.

You visited 1 branch of the dungeon, and saw 3 of its levels.

You collected 116 gold pieces.

Inventory:

Hand Weapons
 a - a +0 hand axe (weapon)
Armour
 b - a +0 animal skin (worn)
 o - a +0 leather armour
Jewellery
 d - an amulet of inaccuracy (around neck)
 k - an uncursed amulet of regeneration {unknown}
 n - a +3 ring of protection (left hand)
 q - an uncursed ring of stealth {unknown}
Scrolls
 f - a scroll of enchant weapon {unknown}
 i - 3 scrolls of teleportation
Potions
 e - 3 potions of might {unknown}
 j - 2 potions of curing {unknown}
 l - a potion of agility {unknown}
 m - a potion of berserk rage {unknown}
 p - a potion of flight {unknown}
Comestibles
 c - 2 bread rations
 g - 2 royal jellies
 h - 4 fruits


   Skills:
 + Level 4.4(4.0) Fighting
 + Level 4.3(3.9) Axes
 + Level 3.9(3.4) Armour
 + Level 3.2(2.7) Dodging


You had 3 spell levels left.
You didn't know any spells.

Dungeon Overview and Level Annotations

Branches:
Dungeon (3/15)

Altars:


Innate Abilities, Weirdness & Mutations

You reflexively headbutt those who attack you in melee.
You have a pair of horns on your head.


Message History

You hit something but do no damage.
You hear some strange, mumbled words.
A puff of flame appears from out of thin air!
The puff of flame hits you!
* * * LOW HITPOINT WARNING * * *
An orc comes into view. It is wielding a war axe.
You closely miss something.
The orc shouts!
You headbutt something. Something hits you but does no damage.
An orc wizard appears from thin air!
Reactivating autopickup.
You barely miss the orc wizard.
The orc wizard is heavily wounded.
The orc wizard hits you with a dagger.
* * * LOW HITPOINT WARNING * * *
You barely miss the orc wizard.
The orc wizard is heavily wounded.
The orc wizard gestures at you while chanting.
The magic dart hits you!
You die...

.....# #.........# .....#
##)##.##.## .....#########.# .#
.............#.##.#
......######.#.o#.# ##....#
#.##.#.# #....# #.##...# #....#
#)###o.# .# #....# ###.###@.##..
#####.####....##..##.#
..............##..##.#
..............###.##.#
..............# #..#.# #####
#####.######.####..#.########....
... #.# #.##.(....#...........
....#.#### #.##...#..#...........
.........###.##...#.>............


You could see an orc wizard and an orc.

Vanquished Creatures
  Jessica (D:2)
  3 adders (D:2)
  2 dart slugs
  2 leopard geckos
  5 orcs (D:3)
  7 bats
  11 goblins
  2 hobgoblins
  A jackal (D:2)
  A quokka (D:2)
  5 frilled lizards
  4 kobolds
  3 rats
47 creatures vanquished.

Notes
Turn   | Place    | Note
-------+----------+-------------------------------------------
     0 | D:1      | papiloppo the Minotaur Berserker began the quest for the Orb.
     0 | D:1      | Reached XP level 1. HP: 19/19 MP: 0/0
   146 | D:1      | Reached XP level 2. HP: 25/27 MP: 1/1
   959 | D:2      | Noticed Jessica
   974 | D:2      | Killed Jessica
   974 | D:2      | Reached ** piety under Trog
   974 | D:2      | Reached XP level 3. HP: 17/33 MP: 2/2
  1293 | D:2      | Reached XP level 4. HP: 37/40 MP: 3/3
  1979 | D:3      | Killed from afar by an orc wizard

Skill      XL: |  1  2  3 |
---------------+----------+-----
Armour         | 3 |  3.9
Fighting       | 4 |  4.4
Axes           | 4 |  4.3
Dodging        | 3 |  3.2

Action                   |  1- 3 |  4- 6 || total
-------------------------+-------+-------++-------
Melee: Hand axe          |    57 |    61 ||   118
       Headbutt          |     5 |     6 ||    11
  Use: Scroll            |     4 |       ||     4
  Eat: Bread ration      |     1 |       ||     1
Armor: Animal skin       |    15 |    19 ||    34
Dodge: Dodged            |    34 |    43 ||    77
